 Dungeon Crawl Stone Soup version 0.29.1-4-g47bece8355 (webtiles) character file.

Game seed: 4499042765035277073

41 FrankDuskstone the Digger (level 4, 0/33 HPs)
             Began as a Meteoran Earth Elementalist on Dec 6, 2022.
             Slain by an endoplasm (2 damage)
             ... on level 4 of the Dungeon on Dec 8, 2022.
             The game lasted 00:03:50 (487 turns).

FrankDuskstone the Digger (MeEE)                     Turns: 487, Time: 00:03:51

Health: 0/33       AC:  2    Str: 11    XL:     4   Next: 1%
Magic:  2/10       EV: 13    Int: 16    God:
Gold:   45         SH:  0    Dex: 15    Spells: 9/10 levels left

rFire   . . .      SeeInvis .   f - +0 dagger
rCold   . . .      Faith    .   (no shield)
rNeg    . . .      Spirit   .   a - +0 robe
rPois   .          Reflect  .   (no helmet)
rElec   .          Harm     .   (no cloak)
rCorr   .          Rampage  .   (no gloves)
Will    .....                   (no boots)
Stlth   +.........              (no amulet)
HPRegen 0.11/turn               (no ring)
MPRegen 0.12/turn               (no ring)

@: very slightly contaminated, glowing
A: sense surroundings 1, otherworldly, glowing, explore regen
a: no special abilities


You were on level 4 of the Dungeon.
You visited 1 branch of the dungeon, and saw 4 of its levels.

You collected 45 gold pieces.

Inventory:

Hand Weapons
 f - a +0 dagger (weapon)
Missiles
 j - 5 boomerangs
Armour
 a - a +0 robe (worn)
Potions
 b - a potion of magic
 c - a potion of attraction {unknown}
 d - 2 potions of brilliance {unknown}
 e - a potion of might {unknown}
 g - a potion of curing {unknown}
 h - a potion of ambrosia {unknown}
 i - a potion of heal wounds {unknown}


   Skills:
 + Level 0.1 Fighting
 + Level 0.1 Short Blades
 + Level 2.7 Dodging
 + Level 1.6 Stealth
 + Level 3.6 Spellcasting
 + Level 1.2 Transmutations
 + Level 4.3 Earth Magic


You had 9 spell levels left.
You knew the following spells:

 Your Spells              Type           Power      Damage    Failure   Level
a - Sandblast             Erth           32%        2d9       3%          1

Your spell library contained the following spells:

 Spells                   Type           Power      Damage    Failure   Level
 Passwall                 Tmut/Erth      9%         N/A       9%          2
 Stone Arrow              Conj/Erth      18%        3d8       22%         3
 Petrify                  Tmut/Erth      11%        N/A       50%         4


Dungeon Overview and Level Annotations

Branches:
Dungeon (4/15) Zot: 1896
 Temple: D:4-7

Altars:


Innate Abilities, Weirdness & Mutations

You passively map a small area around you.
You are easily found by Zot.
You glow in the dark.
You regain HP and MP as you explore.


Message History

Aim: a scorpion (82% to hit)
The blast of sand hits the scorpion.
The scorpion is moderately wounded.
The scorpion barely misses you. The endoplasm barely misses you.
The scorpion stings you but does no damage.
The endoplasm misses you.
Casting: Sandblast (safe; 3% risk of failure)
Confirm with . or Enter, or press ? or * to list all spells.
Aiming: Sandblast (safe; 3% risk of failure)
Press: ? - help, Shift-Dir - straight line, f/p - scorpion
Aim: a scorpion (moderately wounded, 82% to hit)
You miscast Sandblast.
You are very lightly contaminated with residual magic.
Nothing appears to happen.
The scorpion barely misses you. The endoplasm misses you.
Casting: Sandblast (safe; 3% risk of failure)
Confirm with . or Enter, or press ? or * to list all spells.
Aiming: Sandblast (safe; 3% risk of failure)
Press: ? - help, Shift-Dir - straight line, f/p - scorpion
Aim: a scorpion (moderately wounded, 82% to hit)
The blast of sand hits the scorpion but does no damage.
The scorpion is moderately wounded.
The scorpion stings you. The endoplasm freezes you.
You are frozen.
* * * LOW HITPOINT WARNING * * *
The scorpion closely misses you.
Casting: Sandblast (safe; 3% risk of failure)
Confirm with . or Enter, or press ? or * to list all spells.
Aiming: Sandblast (safe; 3% risk of failure)
Press: ? - help, Shift-Dir - straight line, f/p - scorpion
Aim: a scorpion (moderately wounded, 82% to hit)
The blast of sand hits the scorpion but does no damage.
The scorpion is moderately wounded.
The scorpion stings you.
* * * LOW HITPOINT WARNING * * *
The endoplasm hits you.
* * * LOW HITPOINT WARNING * * *
The endoplasm hits you.
You die...

, ## * * #>, ,
###.######### *
#...........#
#...........#
#...s@J.....# ,
......†.......#
#.##..........#
#..........# *
, *#......$...#
* #..........#
* #...^....(.#
####........ ,
* , ,


You could see a scorpion and an endoplasm.

Vanquished Creatures
  A hound (D:4)
  A dart slug (D:1)
  An orc (D:3)
  An endoplasm (D:2)
  2 giant cockroaches (D:3)
  2 jackals (D:1)
  A kobold (D:1)
  A rat (D:1)
10 creatures vanquished.

Notes
Turn   | Place    | Note
-------+----------+-------------------------------------------
     0 | D:1      | FrankDuskstone the Meteoran Earth Elementalist began the
                  | quest for the Orb.
     0 | D:1      | Reached XP level 1. HP: 14/14 MP: 5/5
   127 | D:1      | Reached XP level 2. HP: 18/20 MP: 4/6
   480 | D:4      | Noticed a scorpion
   480 | D:4      | Noticed a hound
   483 | D:4      | Killed a hound
   484 | D:4      | Reached skill level 4 in Earth Magic
   484 | D:4      | Reached XP level 3. HP: 10/26 MP: 5/9
   484 | D:4      | Reached XP level 4. HP: 13/33 MP: 5/10
   487 | D:4      | Slain by an endoplasm

Illustrated notes

Levels and vault maps discovered:
D:1:      wander_arrival_chamber, layout_loops_ring, chequers_avenue
D:2:      layout_loops_ring, mrwooster_statue_mirror
D:3:      minmay_recursive_quarters, layout_loops_corners,
          nicolae_overflow_hidden_temple, serial_rivers,
          chequers_serial_rivers_marsh, chequers_serial_rivers_micro_c,
          chequers_serial_rivers_small_b, chequers_serial_rivers_room_b,
          chequers_serial_rivers_room_a, minmay_pentomino_pile
D:4:      layout_basic, serial_park_tiny_1, uniq_crazy_yiuf_cottage,
          uniq_eustachio

Skill      XL: |  1  2 |
---------------+-------+-----
Spellcasting   | 3 |  3.6
Earth Magic    | 4 |  4.3
Fighting       | |  0.1
Short Blades   | |  0.1
Dodging        | |  2.7
Stealth        | |  1.6
Transmutations | |  1.2

Action                   |  1- 3 |  4- 6 || total
-------------------------+-------+-------++-------
Melee: Dagger            |     9 |       ||     9
 Cast: Sandblast         |    26 |     3 ||    29
Armor: Robe              |     7 |     1 ||     8
Dodge: Dodged            |    27 |     6 ||    33
